 Dungeon Crawl Stone Soup version 0.31-a0-940-gdaa99269f9 (webtiles) character file.

Game seed: 3118443111739980420

16974887 Flugkiller the Archmage (level 27, 199/199 HPs)
             Began as a Deep Elf Fire Elementalist on Oct 20, 2023.
             Was the Champion of Vehumet.
             Escaped with the Orb
             ... and 15 runes!
             The game lasted 03:20:23 (91565 turns).

Flugkiller the Archmage (DEFE)                     Turns: 91565, Time: 03:20:24

Health: 199/199    AC: 15    Str:  9    XL:     27
Magic:  75/75      EV: 25    Int: 49    God:    Vehumet [******]
Gold:   8452       SH:  0    Dex: 15    Spells: 2/80 levels left

rFire   + + .        a - staff of the Changing Gods {Fly rElec rF+ rN+ Air}
rCold   + + .        S - crystal ball of Wucad Mu {*channel}
rNeg    + . .        D - +3 troll leather armour
rPois   .            A - +3 hat of Pondering {ponderous, Will+ MP+10 Int+5}
rElec   +            W - scarf of Fortitude {rC+ rF+, Int+3}
rCorr   .            c - +2 pair of gloves {Stlth+}
SInv    .            J - +2 pair of boots "Egiegumn" {rElec rC+ Str+4}
Will    +++..        T - amulet of guardian spirit
Stlth   ++           H - ring of Discord {MP+9 Int+6}
HPRegen 1.33/turn    P - ring of the Mage {Wiz Archmagi}
MPRegen 0.44/turn

%: guardian spirit, wizardry (x1), archmagi, channel magic (40%)
@: flying, studying 2 skills, slow
A: MP-powered wands
0: Orb of Zot
}: 15/15 runes: decaying, serpentine, slimy, silver, golden, iron, obsidian,
icy, bone, abyssal, demonic, glowing, magical, fiery, dark
a: Renounce Religion


You escaped.
You worshipped Vehumet.
Vehumet was exalted by your worship.
You visited 18 branches of the dungeon, and saw 88 of its levels.
You visited Pandemonium 5 times, and saw 26 of its levels.
You visited the Abyss 6 times.
You visited 1 ziggurat, and saw 1 of its levels.
You also visited: Bailey, Ice Cave and Wizlab.

You collected 13797 gold pieces.
You spent 5345 gold pieces at shops.

Inventory:

Missiles
 g - 5 throwing nets (quivered)
 y - 16 curare-tipped darts
Armour
 c - a +2 pair of gloves of stealth (worn)
   (You found it on level 7 of Gehenna)
 m - the scarf of Vefiysuu {harm, rF+ rN+ Int+3}
   (You found it on level 1 of a ziggurat)

   Int+3:     It affects your intelligence (+3).
   rF+:       It protects you from fire.
   rN+:       It protects you from negative energy.
 A - the +3 hat of Pondering (worn) {ponderous, Will+ MP+10 Int+5}
   (You took it off Gastronok on level 11 of the Dungeon)

   Int+5:     It affects your intelligence (+5).
   Will+:     It increases your willpower.
   MP+10:     It affects your magic capacity (+10).
 D - a +3 troll leather armour (worn)
   (You found it on level 13 of the Dungeon)
 J - the +2 pair of boots "Egiegumn" (worn) {rElec rC+ Str+4}
   (You found it on level 5 of the Pits of Slime)

   Str+4:     It affects your strength (+4).
   rC+:       It protects you from cold.
   rElec:     It insulates you from electricity.
 S - the crystal ball of Wucad Mu (worn) {*channel}
   (You found it in a wizard's laboratory)

   *Channel:  It often returns the magic spent to cast spells, but lowers their
   success rate.
   It always returns the magic spent on miscasts.
 W - the scarf of Fortitude (worn) {rC+ rF+, Int+3}
   (You found it on level 3 of the Elven Halls)

   Int+3:     It affects your intelligence (+3).
Magical Staves
 a - the staff of the Changing Gods (weapon) {Fly rElec rF+ rN+ Air}
   (You found it on level 3 of the Depths)

   [staff of air]

   Base accuracy: +5 Base damage: 5 Base attack delay: 1.2 This weapon's minimum
   attack delay (0.6) is reached at skill level 12.
   rF+:       It protects you from fire.
   rElec:     It insulates you from electricity.
   rN+:       It protects you from negative energy.
   Fly:       It grants you flight.
   Air:       It increases the power of your Air spells.
   It falls into the 'Staves' category.
   It is a one-handed weapon.
 b - a staff of fire
   (You found it on level 15 of the Dungeon)
Jewellery
 r - an amulet of magic regeneration
   (You took it off a naga on level 4 of the Snake Pit)
 H - the ring of Discord (left hand) {MP+9 Int+6}
   (You found it on level 3 of the Tomb of the Ancients)

   [ring of magical power]

   Int+6:     It affects your intelligence (+6).
   MP+9:      It affects your magic capacity (+9).
 P - the ring of the Mage (right hand) {Wiz Archmagi}
   (You took it off a frost giant on level 5 of the Vaults)

   [ring of wizardry]

   Wiz:       It improves your spell success rate.
   Archmagi:  It increases the power of your magical spells.
 Q - the ring of the Ban {rPois SInv}
   (You found it on level 5 of the Pits of Slime)

   [ring of poison resistance]

   rPois:     It protects you from poison SInv: It lets you see invisible.
 T - an amulet of guardian spirit (around neck)
   (You took it off a deep elf knight on level 3 of the Elven Halls)
Talismans
 j - a talisman of death
   (You found it on level 2 of the Lair of Beasts)
Wands
 f - a wand of roots (79)
   (You found it on level 10 of the Dungeon)
 v - a wand of quicksilver (30)
   (You found it on level 8 of the Dungeon)
 E - a wand of digging (27)
   (You found it on level 7 of the Dungeon)
 F - a wand of paralysis (75)
   (You took it off a kobold brigand on level 8 of the Dungeon)
 K - a wand of mindburst (69)
   (You found it on level 12 of the Dungeon)
Scrolls
 e - 9 scrolls of vulnerability
 k - 17 scrolls of poison
 t - 12 scrolls of teleportation
 x - 5 scrolls of fear
 z - a scroll of blinking
 B - 5 scrolls of fog
 C - 3 scrolls of butterflies
 O - 2 scrolls of revelation
 X - 6 scrolls of immolation
Potions
 d - 7 potions of attraction
 h - 18 potions of haste
 l - 7 potions of magic
 n - 6 potions of resistance
 q - 15 potions of curing
 s - 3 potions of invisibility
 u - 4 potions of cancellation
 w - 19 potions of heal wounds
 I - 10 potions of brilliance
 L - 7 potions of lignification
 R - 8 potions of ambrosia
 U - 21 potions of mutation
 Z - 2 potions of enlightenment
Miscellaneous
 i - the horn of Geryon
   (You took it off Geryon in the Vestibule of Hell)
 M - a lightning rod (4/4)
   (You found it on level 11 of the Dungeon)
 N - a condenser vane
   (You found it on level 2 of the Lair of Beasts)


   Skills:
 O Level 27 Fighting
 + Level 26.5 Dodging
 - Level 5.0 Stealth
 O Level 27 Spellcasting
 - Level 23.0 Conjurations
 - Level 20.0 Fire Magic
 - Level 22.0 Ice Magic
 - Level 22.0 Air Magic
 - Level 23.0 Earth Magic
 - Level 15.0 Evocations
 - Level 23.0 Shapeshifting


You had 2 spell levels left.
You knew the following spells:

 Your Spells              Type           Power      Damage    Failure   Level
a - Foxfire               Conj/Fire      100%       2x1d9     1%          1
b - Shatter               Erth           82%        3d59*     1%          9
c - Maxwell's Capacitive  Air            94%        ∞         1%          8
d - Flame Wave            Conj/Fire      100%       2d21      1%          4
e - Plasma Beam           Fire/Air       93%        2x1d112   1%          6
f - Orb of Destruction    Conj           82%        9d18      1%          7
g - Fireball              Conj/Fire      80%        3d30      1%          5
h - Starburst             Conj/Fire      80%        6d20      1%          6
i - Ignition              Fire           78%        3d20      1%          8
j - Chain Lightning       Conj/Air       94%        3d126     1%          9
k - Polar Vortex          Ice            81%        12d10*    1%          9
q - Apportation           Tloc           100%       N/A       1%          1
I - Irradiate             Conj/Tmut      66%        3d33      1%          5

Your spell library contained the following spells:

 Spells                   Type           Power      Damage    Failure   Level
 Freeze                   Ice            100%       1d10      1%          1
 Kiss of Death            Conj/Necr      100%       2d13      1%          1
 Magic Dart               Conj           100%       1d8       1%          1
 Necrotise                Necr           100%       1d9       1%          1
 Sandblast                Erth           100%       2d20      1%          1
 Shock                    Conj/Air       100%       1d9       1%          1
 Slow                     Hex            100%       N/A       1%          1
 Sting                    Tmut/Pois      100%       1d8       1%          1
 Summon Small Mammal      Summ           100%       N/A       1%          1
 Blink                    Tloc           100%       N/A       1%          2
 Call Imp                 Summ           100%       N/A       1%          2
 Cigotuvi's Dreadful Rot  Necr/Pois/Air  100%       N/A       1%          2
 Ensorcelled Hibernation  Hex/Ice        100%       N/A       1%          2
 Jinxbite                 Hex            100%       N/A       1%          2
 Lesser Beckoning         Tloc           100%       N/A       1%          2
 Momentum Strike          Conj/Tloc      100%       3d10      1%          2
 Passwall                 Tmut/Erth      100%       N/A       1%          2
 Poisonous Vapours        Pois/Air       100%       N/A       1%          2
 Scorch                   Fire           100%       2d9       1%          2
 Static Discharge         Conj/Air       100%       3-8/arc   1%          2
 Sublimation of Blood     Necr           78%        N/A       1%          2
 Wereblood                Tmut           78%        N/A       1%          2
 Call Canine Familiar     Summ           78%        N/A       1%          3
 Confusing Touch          Hex            78%        N/A       1%          3
 Dazzling Flash           Conj/Hex       100%       N/A       1%          3
 Frozen Ramparts          Ice            100%       1d16      1%          3
 Gell's Gravitas          Tloc           78%        N/A       1%          3
 Hailstorm                Conj/Ice       100%       3d20      1%          3
 Ignite Poison            Fire/Tmut/Pois 100%       N/A       1%          3
 Inner Flame              Hex/Fire       100%       N/A       1%          3
 Mephitic Cloud           Conj/Pois/Air  100%       N/A       1%          3
 Ozocubu's Armour         Ice            100%       N/A       1%          3
 Sigil of Binding         Hex            78%        N/A       1%          3
 Stone Arrow              Conj/Erth      100%       3d13      1%          3
 Summon Guardian Golem    Hex/Summ       78%        N/A       1%          3
 Swiftness                Air            100%       N/A       1%          3
 Teleport Other           Tloc           78%        N/A       1%          3
 Tukima's Dance           Hex            78%        N/A       1%          3
 Vampiric Draining        Necr           78%        2d11      1%          3
 Volatile Blastmotes      Fire/Tloc      100%       2d18      1%          3
 Airstrike                Air            94%        2d(14-30) 1%          4
 Animate Armour           Summ/Erth      100%       N/A       1%          4
 Brom's Barrelling Bould  Conj/Erth      100%       2d11      1%          4
 Iskenderun's Mystic Bla  Conj/Tloc      100%       2d19      1%          4
 Leda's Liquefaction      Hex/Erth       66%        N/A       1%          4
 Olgreb's Toxic Radiance  Pois           78%        N/A       1%          4
 Sticky Flame             Conj/Fire      100%       2d11      1%          4
 Summon Ice Beast         Ice/Summ       100%       N/A       1%          4
 Summon Lightning Spire   Summ/Air       100%       N/A       1%          4
 Vhi's Electric Charge    Tloc/Air       100%       N/A       1%          4
 Arcjolt                  Conj/Air       94%        1d104     1%          5
 Borgnjor's Vile Clutch   Necr/Erth      66%        N/A       1%          5
 Freezing Cloud           Conj/Ice/Air   94%        6-21      1%          5
 Iskenderun's Battlesphe  Conj           100%       2d15      1%          5
 Lee's Rapid Deconstruct  Erth           82%        3d36*     1%          5
 Metabolic Englaciation   Hex/Ice        65%        N/A       1%          5
 Silence                  Hex/Air        78%        N/A       1%          5
 Bombard                  Conj/Erth      82%        9d13      1%          6
 Conjure Ball Lightning   Conj/Air       94%        3x3d36    1%          6
 Simulacrum               Ice/Necr       65%        N/A       1%          6
 Ozocubu's Refrigeration  Ice            81%        4d25      1%          7
 Spellforged Servitor     Conj/Summ      66%        N/A       1%          7
 Lehudib's Crystal Spear  Conj/Erth      82%        10d18     1%          8
 Yara's Violent Unravell  Hex/Tmut       39%        3d16      2%          5
 Anguish                  Hex/Necr       39%        N/A       3%          4
 Animate Dead             Necr           78%        N/A       3%          4
 Dimensional Bullseye     Hex/Tloc       39%        N/A       3%          4
 Dispel Undead            Necr           78%        3d26      3%          4
 Manifold Assault         Tloc           78%        N/A       3%          4
 Passage of Golubria      Tloc           78%        N/A       3%          4
 Agony                    Necr           78%        N/A       7%          5
 Alistair's Intoxication  Tmut/Pois      52%        N/A       7%          5
 Summon Mana Viper        Hex/Summ       78%        N/A       7%          5
 Eringya's Noxious Bog    Tmut/Pois      39%        4d6       8%          6
 Death Channel            Necr           39%        N/A       26%         6
 Dispersal                Tloc           39%        N/A       26%         6
 Summon Cactus Giant      Summ           39%        N/A       26%         6
 Enfeeble                 Hex            39%        N/A       73%         7
 Monstrous Menagerie      Summ           39%        N/A       73%         7
 Summon Hydra             Summ           39%        N/A       73%         7
 Discord                  Hex            39%        N/A       100%        8
 Disjunction              Tloc           39%        N/A       100%        8


Dungeon Overview and Level Annotations

Branches:
Dungeon (15/15)            Temple (1/1) D:4            Lair (5/5) D:11
  Swamp (4/4) Lair:2        Snake (4/4) Lair:2        Slime (5/5) Lair:4
    Orc (2/2) D:9             Elf (3/3) Orc:2        Vaults (5/5) D:14
  Crypt (3/3) Vaults:2       Tomb (3/3) Crypt:3      Depths (4/4) D:15
   Hell (visited)             Dis (7/7) Hell            Geh (7/7) Hell
    Coc (7/7) Hell            Tar (7/7) Hell            Zot (5/5) Depths:4
 Bailey (visited)           IceCv (visited)          WizLab (visited)

Altars:
Ashenzari
Cheibriados
Dithmenos
Elyvilon
Fedhas
Gozag
Hepliaklqana
Kikubaaqudgha
Makhleb
Nemelex Xobeh
Okawaru
Qazlal
Ru
Sif Muna
Trog
Uskayaw
Vehumet
Wu Jian
Xom
Yredelemnul
Zin
The Shining One
Jiyva

Shops:
D:7 *   Orc:2 ?(*!   Elf:1 :   Snake:1 =   Snake:2 ?:   Snake:3 [=**:?
Vaults:2 (!!   Vaults:3 [*   Vaults:5 !???!!!

Portals:
Hell: Depths:1 Depths:2 Depths:3 Depths:4
Abyss: Depths:3
Pandemonium: Depths:2
Ziggurat: Depths:4

Annotations:
D:3 2 transporters
Lair:4 2 transporters, Noful's ghost, journeyman TrFi
Swamp:2 1 runed translucent door, Ricegish's ghost, adept GnFi
Snake:3 Roxanne
Snake:4 1 runed translucent door, qborf's ghost, adept TrSh
Elf:2 3 runed translucent doors
Elf:3 3 runed translucent doors, Quplyedo's ghost, adept GrGl


Innate Abilities, Weirdness & Mutations

You expend magic power (3 MP) to strengthen your wands.


Message History

You fly upwards.
There is a stone staircase leading down here.
There is a stone staircase leading up here.
You fly upwards.
There is a stone staircase leading down here.
There is an open door here.
There is a stone staircase leading up here.
You fly upwards.
There is a stone staircase leading down here.
You see here a +0 robe.
There is a stone staircase leading up here.
You fly upwards.
There is a stone staircase leading down here.
There is a stone staircase leading up here.
You fly upwards.
There is a stone staircase leading down here.
Things that are here:
a +0 dagger; a +0 club; a +0 dagger
Things that are here:
a +0 leather armour; a +0 flail A green death comes into view.
Casting: Chain Lightning (dangerous; 1% risk of failure)
Confirm with . or Enter, or press ? or * to list all spells.
You feel a strong surge of power! Lightning arcs from your hands!
The bolt of lightning hits the green death!!!!
You kill the green death!
Vehumet accepts your kill.
You feel your power returning. The bolt of lightning hits you!! You resist.
Magical energy flows into your mind!
There is a stone staircase leading up here.
You fly upwards.
There is a stone staircase leading down here.
HP restored.
There is a stone staircase leading up here.
You fly upwards.
There is a stone staircase leading down here.
There is a stone staircase leading up here.
You fly upwards.
There is a stone staircase leading down here.
There is a stone staircase leading up here.
You fly upwards.
There is a stone staircase leading down here.
A Tzitzimitl comes into view.
Casting: Chain Lightning (dangerous; 1% risk of failure)
Confirm with . or Enter, or press ? or * to list all spells.
You feel a strong surge of power! Lightning arcs from your hands!
The bolt of lightning hits the Tzitzimitl!!!!
The Tzitzimitl resists.
You kill the Tzitzimitl!
Vehumet accepts your kill.
You feel your power returning. The bolt of lightning hits you! You resist.
Magical energy flows into your mind!
HP restored.
An Orb Guardian comes into view.
Casting: Chain Lightning (dangerous; 1% risk of failure)
Confirm with . or Enter, or press ? or * to list all spells.
You feel a strong surge of power! Lightning arcs from your hands!
The bolt of lightning hits the Orb Guardian!!!
The Orb Guardian is heavily wounded.
Casting: Chain Lightning (dangerous; 1% risk of failure)
Confirm with . or Enter, or press ? or * to list all spells.
You feel a strong surge of power! Lightning arcs from your hands!
The bolt of lightning hits the Orb Guardian!!!!
You kill the Orb Guardian!
Vehumet accepts your kill.
You feel your power returning.
You see here a +0 spear.
Magic restored.
There is a stone staircase leading up here.
There is a stone staircase leading up here.
You fly upwards.
Level annotation: 2 transporters
There is a stone staircase leading down here.
You reach down and open the door.
There is an open door here.
There is a stone staircase leading up here.
You fly upwards.
There is a stone staircase leading down here.
There is a stone staircase leading up here.
You fly upwards.
There is a stone staircase leading down here.
There is an open door here.
There is an open door here.
A Brimstone Fiend comes into view.
Casting: Chain Lightning (dangerous; 1% risk of failure)
Confirm with . or Enter, or press ? or * to list all spells.
You feel a strong surge of power! Lightning arcs from your hands!
The bolt of lightning hits the Brimstone Fiend!!!!!
You kill the Brimstone Fiend!
Vehumet accepts your kill. The bolt of lightning hits you! You resist.
Magical energy flows into your mind!
Magic restored.
There is an open door here.
HP restored.
There is an open door here.
There is a staircase leading out of the dungeon here.
Unknown command.
Enter note: gg You have escaped!

.# #.#.#.##8.....8# .#
#.....###.....## .#
###.#...#.....# .#
#.#.###.....### .#
#...#.........# .###
#####.........## ## ...##
#...........# #. ##..#
####...........#### ##.
##.####8.......@.......8######.>
#...#####...........####.......
###.#####...........# #.......
#....###(........## #....(.)
####.###..8...8..# #####'..
#..####.....### #..'..
##...####.### #.##.. ###..###.#
#########.##..
##..##8###.........####


There were no monsters in sight!

Vanquished Creatures
  Cerebov (Pan)
  Asmodeus (Geh:7)
  Antaeus (Coc:7)
  the Royal Jelly (Slime:5)
  Ereshkigal (Tar:7)
  the Serpent of Hell (Dis:7)
  Gloorx Vloq (Pan)
  Ignacio (Pan)
  Lom Lobon (Pan)
  A seraph (Pan)
  Mnoleg (Pan)
  Dispater (Dis:7)
  3 dread liches (Zot:5)
  Khufu (Tomb:3)
  An ancient lich (Vaults:5)
  10 orbs of fire
  Mennas (Tomb:3)
  4 juggernauts
  11 royal mummies
  Josephina (Zot:2)
  Vv (Crypt:1)
  Bai Suzhen (Swamp:3)
  8 shard shrikes
  Frederick (Crypt:1)
  3 Killer Klowns
  The ghost of Afra the Sorcerer, a veteran FoHs of Okawaru (Depths:1)
  the Lernaean hydra (Swamp:4)
  A curse toe (Zot:4)
  26 caustic shrikes
  Jory (Vaults:2)
  9 golden dragons
  Geryon (Hell)
  13 profane servitors
  11 bone dragons
  3 electric golems
  An iron giant (shapeshifter) (Depths:2)
  17 Tzitzimimeh
  18 Brimstone Fiends
  7 doom hounds
  A shard shrike zombie (Crypt:3)
  Jorgrun (Snake:2)
  2 spectral shard shrikes
  15 iron giants
  2 hellephants
  29 Hell Sentinels
  11 liches
  17 tentacled monstrosities
  A shard shrike skeleton (Abyss:4)
  A walking crystal tome (Depths:3)
  20 Ice Fiends
  The ghost of Eroclych the Tortoise, an adept GrFi of Makhleb (Crypt:1)
  2 walking frostbound tomes (Depths:3)
  Asterion (Snake:3)
  27 Orb Guardians
  17 searing wretches
  2 deep elf blademasters (Elf:3)
  19 tainted leviathans
  13 titans
  2 deep elf master archers (Elf:3)
  6 quicksilver dragons
  13 acid blobs
  A walking earthen tome (Depths:3)
  An acid blob (shapeshifter) (Vaults:3)
  An eldritch tentacle (Pan)
  73 ancient champions
  A death cob (Zot:4)
  12 sphinxes
  11 tentacled starspawn
  Gastronok (D:11)
  11 shadow dragons
  38 Executioners
  Frances (D:13)
  Kirke (Swamp:4)
  A thorn hunter (Swamp:2)
  8 storm dragons
  Aizul (Snake:2)
  Donald (Vaults:3)
  4 draconian monks
  An azure jelly (shapeshifter) (Vaults:5)
  7 rockslimes
  6 tengu reavers
  11 pandemonium lords
  10 demonspawn warmongers (Pan)
  20 fire giants
  A rockslime (shapeshifter) (Depths:2)
  4 draconian knights
  8 daevas (Pan)
  4 nagarajas
  8 revenants
  12 frost giants
  A fenstrider witch (Swamp:4)
  4 deep elf sorcerers (Elf:3)
  14 azure jellies
  18 quicksilver elementals
  12 narguns
  3 draconian scorchers
  6 deep elf elementalists
  2 spectral caustic shrikes
  12 iron dragons
  A spectral juggernaut (Tar:6)
  10 angels (Pan)
  9 ghouls
  11 vault wardens
  3 juggernaut zombies
  4 curse skulls
  5 draconian shifters
  4 ghost moths
  34 cacodemons
  12 shard shrike simulacra
  47 balrugs
  A broodmother (shapeshifter) (Depths:2)
  An orc warlord (Bailey)
  4 spriggan defenders
  35 very ugly things
  3 draconian stormcallers
  16 demonspawn corrupters (Pan)
  24 ironbound preservers
  4 draconian annihilators
  32 war gargoyles
  16 stone giants
  A stone giant (shapeshifter) (Vaults:5)
  2 juggernaut skeletons
  An ironbound thunderhulk (Vaults:4)
  9 ophanim
  A quicksilver ooze (shapeshifter) (D:14)
  4 formless jellyfish
  9 green draconians
  18 reapers
  14 demonspawn blood saints (Pan)
  6 quicksilver oozes
  4 vampire knights
  4 apis (Pan)
  7 yellow draconians
  12 black draconians
  An eleionoma (Swamp:1)
  25 elemental wellsprings
  5 demonspawn black suns (Pan)
  2 spectral titans
  10 deep elf demonologists
  12 bennus (Tomb:3)
  13 putrid mouths
  2 bunyips (Swamp:3)
  14 lorocyprocas
  12 white draconians
  7 dire elephants
  A bunyip (shapeshifter) (Vaults:5)
  10 deep elf annihilators
  14 wendigos
  An orange crystal statue (WizLab)
  14 red draconians
  19 iron golems
  6 purple draconians
  9 spark wasps
  4 eidola
  18 ettins
  19 blizzard demons
  15 deep elf death magi
  17 green deaths
  A crystal guardian (Abyss:4)
  18 mummy priests
  A spectral quicksilver dragon (Tar:3)
  11 great orbs of eyes
  5 deep elf high priests
  6 fire dragons
  A quicksilver dragon zombie (Crypt:1)
  3 spectral spriggans
  9 yaktaur captains
  3 entropy weavers
  2 entropy weavers (shapeshifter)
  16 jiangshi
  32 vault guards
  6 hell beasts (Pan)
  25 hydras
  7 caustic shrike simulacra
  3 spriggan zombies
  A quicksilver dragon skeleton (Pan)
  15 salamander tyrants
  4 juggernaut simulacra
  2 spriggan skeletons
  6 rakshasas
  A fenstrider witch zombie (Crypt:1)
  16 anacondas
  10 ice dragons
  A peacekeeper (Vaults:3)
  3 merfolk avatars (Swamp:3)
  2 alligators (Swamp:3)
  6 ogre magi
  5 catoblepae
  8 ironbound frosthearts
  3 ghost crabs
  Erica (Lair:1)
  2 spriggan air magi (Depths:4)
  8 deep troll shamans
  A fenstrider witch skeleton (Crypt:1)
  13 two-headed ogres
  9 deep troll earth magi
  25 death scarabs
  5 boulder beetles
  10 stokers
  10 death yaks
  13 centaur warriors
  6 tengu warriors
  3 death knights
  12 vampire magi
  37 hell hogs
  20 demonic crawlers
  A spectral stone giant (Tar:4)
  13 naga warriors
  9 naga sharpshooters
  51 dancing weapons
  Urug (D:13)
  5 orc high priests (Orc:2)
  8 thrashing horrors
  29 spriggans
  2 spriggan berserkers
  29 deep elf knights
  8 shock serpents
  52 skeletal warriors
  2 titan zombies
  A shock serpent (shapeshifter) (Depths:2)
  36 soul eaters
  80 sun demons
  A spectral dire elephant (Tar:1)
  A skyshark (shapeshifter) (Vaults:5)
  5 salamander mystics
  13 hell knights
  A bunyip zombie (Crypt:3)
  A golden dragon zombie (Depths:3)
  42 sixfirhies
  7 cherubim (Pan)
  3 storm dragon skeletons
  12 crystal echidnas
  12 iron trolls
  A skyshark (Lair:5)
  11 wretched stars
  23 shadow wraiths
  A ghost moth zombie (Crypt:1)
  4 goliath frogs
  4 spriggan druids
  16 arcanists
  5 quicksilver dragon simulacra
  A sea snake (Snake:2)
  A swamp dragon (shapeshifter) (Vaults:5)
  19 deep elf archers
  14 glowing orange brains
  An anaconda zombie (Hell)
  17 swamp dragons
  A spectral hydra (Tar:5)
  68 deep trolls
  A bunyip skeleton (Tomb:1)
  3 obsidian statues (Depths:2)
  11 bog bodies
  16 ironbound convokers
  11 shadow demons (Pan)
  3 flayed ghosts
  2 anaconda skeletons
  5 occultists
  6 naga ritualists
  10 phantasmal warriors
  An iron giant skeleton (Crypt:1)
  6 spriggan simulacra
  15 necromancers
  18 lindwurms
  10 orc knights
  32 deep elf pyromancers
  An alligator zombie (Crypt:3)
  7 mana vipers
  A jorogumo zombie (Crypt:1)
  77 large abominations
  9 shining eyes
  25 deep elf zephyrmancers
  A harpy (Vaults:3)
  A shadow dragon skeleton (Pan)
  37 ugly things
  18 salamanders
  4 cyclopes
  A spectral ettin (Tar:1)
  2 orc sorcerers
  7 manticores
  An eleionoma skeleton (Crypt:2)
  A toenail golem (Pan)
  2 will-o-the-wisps
  2 worldbinders
  17 elephants
  A guardian serpent (shapeshifter) (Vaults:3)
  Maurice (D:13)
  6 titan simulacra
  32 black mambas
  19 vault sentinels
  A naga zombie (Crypt:2)
  8 moths of wrath
  16 rust devils
  A draconian skeleton (Pan)
  3 centaur zombies
  2 apocalypse crabs (Abyss:4)
  6 guardian serpents
  2 dire elephant zombies
  12 molten gargoyles
  A gargoyle (D:12)
  44 smoke demons
  19 naga magi
  Joseph (D:8)
  2 stone giant skeletons
  16 cane toads
  2 storm dragon simulacra
  An ice statue (Snake:1)
  A centaur skeleton (Hell)
  37 orange demons
  25 hellions
  5 eyes of devastation
  Maggie (Lair:1)
  A dire elephant skeleton (Pan)
  2 unseen horrors
  2 ghost moth simulacra (Zot:2)
  A steelbarb worm zombie (Crypt:3)
  10 ice devils
  6 bunyip simulacra
  2 rime drakes
  41 guardian mummies
  A redback zombie (Crypt:2)
  A yaktaur (shapeshifter) (D:14)
  A spark wasp simulacrum (Depths:3)
  6 efreet
  5 komodo dragons
  2 tengu conjurers (Depths:3)
  23 yaktaurs
  7 anaconda simulacra
  A spectral naga (Tar:2)
  23 freezing wraiths
  8 ancient zymes
  A hydra zombie (Hell)
  24 tormentors
  An iron giant simulacrum (Coc:7)
  2 golden dragon simulacra
  A queen bee (shapeshifter) (D:14)
  2 spectral harpies
  6 red devils
  A meliai (shapeshifter) (Abyss:4)
  7 polar bears
  A merfolk (shapeshifter) (Depths:2)
  A queen bee (Lair:2)
  2 bloated husks
  A troll (shapeshifter) (Vaults:5)
  8 trolls
  4 harpy skeletons
  A shadow dragon simulacrum (Coc:1)
  9 tyrant leeches
  2 alligator simulacra (IceCv)
  4 wind drakes (Depths:2)
  20 hornets
  29 hellwings
  A snapping turtle (shapeshifter) (Vaults:5)
  4 iron dragon simulacra
  11 blink frogs
  13 raiju
  2 draconian simulacra
  An ice dragon zombie (Crypt:2)
  2 stone giant simulacra
  5 dream sheep (Lair:5)
  An ettin skeleton (Crypt:3)
  A slime creature (shapeshifter) (D:15)
  20 flying skulls
  A centaur simulacrum (Crypt:2)
  3 culicivoras (shapeshifter)
  2 shadows
  104 slime creatures
  A vampire (D:13)
  A culicivora (Vaults:2)
  A spriggan (shapeshifter) (Depths:3)
  5 water elementals
  5 air elementals
  A black mamba zombie (Crypt:2)
  27 fire elementals
  4 wyverns
  A satyr skeleton (Crypt:2)
  8 wraiths
  54 ynoxinuls
  A wind drake zombie (Crypt:2)
  2 black mamba skeletons
  9 dire elephant simulacra
  4 hogs (Swamp:4)
  23 starcursed masses
  39 yaks
  3 redbacks
  9 ushabtiu
  3 steam dragons
  30 neqoxecs
  Eustachio (D:6)
  A redback (shapeshifter) (Vaults:4)
  9 basilisks
  12 golden eyes
  36 chaos spawn
  13 vampire mosquitoes
  3 minotaur simulacra (IceCv)
  3 wargs
  2 alligator snapping turtle simulacra (Coc:2)
  10 harpy simulacra
  39 nagas
  Menkaure (D:4)
  18 swamp worms
  A swamp worm (shapeshifter) (D:15)
  An acid dragon (D:13)
  A naga (shapeshifter) (Depths:2)
  20 water moccasins
  A tengu zombie (Depths:1)
  A deep troll zombie (Crypt:2)
  A hell hound (Abyss:1)
  4 hydra simulacra
  3 floating eyes (Pan)
  A deep troll skeleton (Crypt:3)
  46 orc warriors
  22 swamp drakes
  An ice beast (Abyss:1)
  5 sky beasts
  A blink frog zombie (Crypt:2)
  A manticore zombie (Crypt:3)
  A snapping turtle zombie (Crypt:3)
  4 black bears
  5 ettin simulacra
  2 blink frog skeletons (Crypt:3)
  5 centaurs
  5 ogres
  12 boggarts
  29 wolves
  An elephant skeleton (Crypt:1)
  4 kobold brigands
  A draconian zombie (Crypt:1)
  11 bullfrogs
  A necrophage (Crypt:2)
  A scorpion (D:6)
  4 naga simulacra
  22 small abominations
  13 earth elementals
  3 gnoll sergeants
  6 deep troll simulacra (IceCv)
  A wight (D:6)
  34 killer bees
  A swamp dragon simulacrum (Coc:1)
  5 howler monkeys
  A crimson imp (D:12)
  A quasit (Abyss:1)
  A hound (D:6)
  A hound (shapeshifter) (Depths:2)
  A black bear zombie (Crypt:1)
  2 human zombies
  31 orc priests
  A gnoll bouda (D:6)
  2 iron imps
  7 jellies
  A sleepcap (D:8)
  2 human skeletons
  3 iguanas
  16 orc wizards
  A hell rat (Lair:2)
  57 mummies
  26 gnolls
  10 adders
  2 shadow imps (Abyss:1)
  A steam dragon skeleton (Crypt:2)
  3 white imps
  8 ufetubi
  3 worms (D:4)
  3 dart slugs
  91 orcs
  5 bats
  8 endoplasms
  A giant cockroach (D:2)
  19 goblins
  17 hobgoblins
  3 jackals (D:4)
  19 kobolds
  3 quokkas
  7 ball pythons
  A ball python zombie (Crypt:1)
  3 frilled lizards
  A goblin skeleton (Crypt:1)
  9 rats
  2 ball lightnings (Depths:2)
  7 creeping infernos
  29 fire vortices
  8 starspawn tentacles (Abyss:4)
4486 creatures vanquished.

Vanquished Creatures (others)
  2 juggernaut simulacra
  A caustic shrike simulacrum (Coc:7)
  A sixfirhy (Pan)
  A smoke demon (Pan)
  A hellion (Geh:7)
  An iron dragon simulacrum (Coc:3)
  A dire elephant simulacrum (Coc:3)
  9 ball lightnings
  A fire vortex (Pan)
  764 foxfires
  5 starspawn tentacles (Abyss:4)
787 creatures vanquished.

Grand Total: 5273 creatures vanquished

Notes
Turn   | Place    | Note
-------+----------+-------------------------------------------
     0 | D:1      | Flugkiller the Deep Elf Fire Elementalist began the quest
                  | for the Orb.
     0 | D:1      | Reached XP level 1. HP: 10/10 MP: 6/6
   229 | D:1      | Reached XP level 2. HP: 12/15 MP: 1/8
   775 | D:1      | Reached XP level 3. HP: 12/19 MP: 4/9
  1550 | D:2      | Reached XP level 4. HP: 24/24 MP: 7/11
  2013 | D:3      | Found a burning altar of Makhleb.
  2013 | D:3      | Noticed an orc warrior
  2018 | D:3      | You fall into a shaft and drop 3 floors!
  2041 | D:6      | Learned a level 2 spell: Scorch
  2045 | D:6      | Learned a level 3 spell: Inner Flame
  2050 | D:6      | Learned a level 4 spell: Flame Wave
  2057 | D:5      | Entered Level 5 of the Dungeon
  2231 | D:5      | Reached XP level 5. HP: 28/28 MP: 5/13
  2637 | D:4      | Found an iron altar of Okawaru.
  2644 | D:4      | Reached skill level 5 in Fire Magic
  2645 | D:4      | Found a bloodstained altar of Trog.
  2739 | D:4      | Noticed Menkaure
  2750 | D:4      | Killed Menkaure
  2751 | D:4      | Reached XP level 6. HP: 6/32 MP: 2/15
  2906 | D:4      | Found a snail-covered altar of Cheibriados.
  3004 | D:4      | Found a staircase to the Ecumenical Temple.
  3010 | Temple   | Entered the Ecumenical Temple
  3016 | Temple   | Became a worshipper of Vehumet
  3797 | D:3      | Found a transporter.
  3813 | D:3      | Found a transporter.
  3887 | D:3      | Reached skill level 5 in Spellcasting
  4002 | D:3      | Identified the +5 dagger "Faku" {drain, Dex+4}
  4320 | D:3      | Found a broken altar of Ashenzari.
  4473 | D:4      | Found an ornate altar of the Wu Jian Council.
  4474 | D:4      | Found a hide-covered altar of Uskayaw.
  4883 | D:5      | Identified the +1 robe "Riniap" {Int+2}
  5099 | D:5      | Identified the +8 mace "New Fuxt" {venom, rElec Will- Str+2
                  | Int+3}
  5297 | D:5      | Reached skill level 5 in Conjurations
  5336 | D:5      | Found a blossoming altar of Fedhas.
  5640 | D:6      | Reached XP level 7. HP: 36/36 MP: 10/16
  5774 | D:6      | Found a white marble altar of Elyvilon.
  6035 | D:6      | Reached * piety under Vehumet
  6035 | D:6      | Offered knowledge of Freeze by Vehumet.
  6147 | D:6      | Reached XP level 8. HP: 41/41 MP: 10/18
  6355 | D:6      | Found a stormy altar of Qazlal.
  6572 | D:6      | Noticed Eustachio
  6578 | D:6      | Killed Eustachio
  7158 | D:6      | Found a stormy altar of Qazlal.
  7197 | D:6      | Found a white marble altar of Elyvilon.
  7547 | D:7      | Found a glowing silver altar of Zin.
  7876 | D:7      | Found Basoq's Bounteous Boutique.
  8054 | D:7      | Learned a level 6 spell: Plasma Beam
  8495 | D:7      | Found an opulent altar of Gozag.
  8676 | D:7      | Reached XP level 9. HP: 46/46 MP: 13/19
  8788 | D:7      | Reached skill level 1 in Air Magic
  8949 | D:7      | Reached skill level 1 in Fighting
  9054 | Bailey   | Identified the "Xyorisynavu"
  9133 | D:8      | Found a flagged portal.
  9200 | Bailey   | Entered a bailey
  9238 | Bailey   | Reached ** piety under Vehumet
  9334 | Bailey   | Offered knowledge of Static Discharge by Vehumet.
  9534 | Bailey   | Noticed an orc warlord
  9573 | Bailey   | Reached skill level 5 in Stealth
  9623 | Bailey   | Reached XP level 10. HP: 33/53 MP: 11/21
  9752 | Bailey   | Reached skill level 10 in Air Magic
  9752 | Bailey   | Reached XP level 11. HP: 57/57 MP: 22/22
  9960 | Bailey   | Offered knowledge of Ignite Poison by Vehumet.
 10151 | Bailey   | Killed an orc warlord
 10433 | D:8      | Reached *** piety under Vehumet
 10634 | D:8      | Noticed Joseph
 10642 | D:8      | Noticed a two-headed ogre
 10650 | D:8      | Killed a two-headed ogre
 10774 | D:8      | Reached skill level 5 in Dodging
 11033 | D:8      | Identified the +0 helmet "Naraa" {Dex+6}
 11067 | D:8      | Killed Joseph
 11221 | D:8      | Offered knowledge of Stone Arrow by Vehumet.
 11282 | D:8      | Noticed a centaur warrior
 11351 | D:8      | Killed a centaur warrior
 11492 | D:8      | Reached XP level 12. HP: 55/64 MP: 6/25
 11597 | D:8      | Identified the +0 chain mail of Elyvilon's Fury {Harm rC-
                  | Will+}
 12016 | D:9      | Reached XP level 13. HP: 69/69 MP: 25/32
 12110 | D:9      | Found a staircase to the Orcish Mines.
 12268 | D:10     | Entered Level 10 of the Dungeon
 12776 | D:10     | Reached **** piety under Vehumet
 12776 | D:10     | Offered knowledge of Iskenderun's Mystic Blast by Vehumet.
 13477 | D:10     | Found an ancient bone altar of Kikubaaqudgha.
 13733 | D:11     | Noticed Gastronok
 13774 | D:11     | Killed Gastronok
 13775 | D:11     | Reached skill level 1 in Evocations
 14265 | D:11     | Found a staircase to the Lair.
 14281 | D:11     | Identified the +4 scale mail of New Discoveries {rC+ rN+}
 14930 | D:12     | Reached skill level 5 in Fighting
 15919 | Lair:1   | Entered Level 1 of the Lair of Beasts
 16372 | Lair:1   | Noticed Maggie
 16378 | Lair:1   | Killed Maggie
 16526 | Lair:1   | Reached ***** piety under Vehumet
 16622 | Lair:1   | Reached skill level 5 in Evocations
 16642 | Lair:1   | Offered knowledge of Conjure Ball Lightning by Vehumet.
 16941 | Lair:1   | Noticed Erica
 16943 | Lair:1   | Killed Erica
 17290 | Lair:2   | Reached skill level 10 in Dodging
 17427 | Lair:2   | Found a staircase to the Snake Pit.
 17755 | Lair:2   | Reached XP level 14. HP: 80/80 MP: 31/33
 17993 | Lair:2   | Found a staircase to the Swamp.
 18375 | Lair:2   | Reached skill level 10 in Conjurations
 20115 | Lair:4   | Offered knowledge of Orb of Destruction by Vehumet.
 20144 | Lair:4   | Learned a level 7 spell: Orb of Destruction
 20778 | Lair:4   | Found a transporter.
 20782 | Lair:4   | Noticed Noful's ghost (journeyman TrFi)
 20791 | Lair:4   | Found a staircase to the Slime Pits.
 20948 | Lair:4   | Found a transporter.
 21367 | Lair:5   | Identified the of Poimpa Ceroa
 21367 | Lair:5   | Entered Level 5 of the Lair of Beasts
 21647 | Lair:5   | Reached skill level 15 in Fire Magic
 22115 | Lair:5   | Reached XP level 15. HP: 84/84 MP: 22/35
 22563 | Lair:5   | Offered knowledge of Iskenderun's Battlesphere by Vehumet.
 23047 | Lair:5   | Reached skill level 15 in Spellcasting
 23159 | Lair:5   | Identified the +4 shortbow of Denes {flame, rF+ rC+ rN+}
 24499 | D:13     | Noticed Frances
 24502 | D:13     | Killed Frances
 24532 | D:13     | Noticed Urug
 24533 | D:13     | Killed Urug
 25210 | D:13     | Noticed Maurice
 25212 | D:13     | Killed Maurice
 25495 | D:14     | Identified the +6 scale mail of the Present {Dex+2}
 25852 | D:14     | Offered knowledge of Fireball by Vehumet.
 25871 | D:14     | Learned a level 5 spell: Fireball
 26143 | D:14     | Found a gate to the Vaults.
 26818 | D:15     | Entered Level 15 of the Dungeon
 27039 | D:15     | Found a staircase to the Depths.
 27343 | D:15     | Reached XP level 16. HP: 88/88 MP: 37/37
 28019 | D:15     | Found a hazy altar of Hepliaklqana.
 28021 | D:15     | Found an ancient bone altar of Kikubaaqudgha.
 28021 | D:15     | Found a burning altar of Makhleb.
 28024 | D:15     | Found a shimmering altar of Xom.
 28024 | D:15     | Found a shadowy altar of Dithmenos.
 28024 | D:15     | Found a snail-covered altar of Cheibriados.
 28356 | Orc:1    | Entered Level 1 of the Orcish Mines
 28532 | Orc:1    | Offered knowledge of Starburst by Vehumet.
 28545 | Orc:1    | Learned a level 6 spell: Starburst
 29072 | Orc:2    | Entered Level 2 of the Orcish Mines
 29503 | Orc:2    | Found a staircase to the Elven Halls.
 29919 | Orc:2    | Offered knowledge of Eringya's Noxious Bog by Vehumet.
 30574 | Orc:2    | Found Eshovuej's Magic Scroll Shop.
 30577 | Orc:2    | Found Dyliaf's Assorted Antiques.
 30578 | Orc:2    | Found Gaittorgh's Distillery.
 30579 | Orc:2    | Found Ampeh's Antique Weapon Boutique.
 30582 | Orc:2    | Bought a potion of haste for 130 gold pieces
 30582 | Orc:2    | Bought a potion of invisibility for 104 gold pieces
 30582 | Orc:2    | Bought a potion of haste for 130 gold pieces
 30582 | Orc:2    | Bought a potion of brilliance for 52 gold pieces
 30583 | Orc:2    | Bought a potion of haste for 270 gold pieces
 30586 | Orc:2    | Bought a scroll of teleportation for 45 gold pieces
 30586 | Orc:2    | Bought a scroll of teleportation for 45 gold pieces
 31196 | Snake:1  | Identified the "Jaom"
 31196 | Snake:1  | Identified the of Hefaots
 31196 | IceCv    | Identified the "Gazxohal"
 31196 | Vaults:5 | Identified the "Labura"
 31196 | Vaults:5 | Identified the "Kerph"
 31196 | Elf:1    | Entered Level 1 of the Elven Halls
 31319 | Elf:1    | Found Afixoim's Book Boutique.
 31323 | Elf:1    | Bought an Everburning Encyclopedia for 576 gold pieces
 31332 | Elf:1    | Learned a level 8 spell: Ignition
 31342 | Elf:1    | Found a magical portal.
 31376 | WizLab   | Entered Wucad Mu's Monastery
 31472 | WizLab   | Found the crystal ball of Wucad Mu {*channel}
 31647 | WizLab   | Reached XP level 17. HP: 93/93 MP: 39/39
 31875 | Elf:1    | Found a radiant altar of Vehumet.
 32406 | Elf:1    | Identified the +3 mace of Big Damage {heavy, Contam Int+3
                  | Dex+3}
 33113 | Elf:1    | Offered knowledge of Maxwell's Capacitive Coupling by
                  | Vehumet.
 33383 | Elf:1    | Learned a level 8 spell: Maxwell's Capacitive Coupling
 33593 | Elf:1    | Reached XP level 18. HP: 89/98 MP: 42/42
 33823 | Elf:2    | Reached skill level 15 in Conjurations
 34204 | Elf:2    | Reached XP level 19. HP: 103/103 MP: 44/44
 34259 | Elf:2    | Identified the +7 rapier "Sedwiat" {flame, rF- rCorr Int+3}
 34450 | Elf:2    | Found a runed translucent gate.
 34450 | Elf:2    | Found a runed translucent gate.
 34450 | Elf:2    | Found a runed translucent gate.
 34703 | Elf:2    | Found a shimmering blue altar of Sif Muna.
 34877 | Elf:3    | Entered Level 3 of the Elven Halls
 35787 | Elf:3    | Identified the +2 orcbow of Eternal Vigilance {speed, rF-
                  | rCorr Int+2}
 35799 | Elf:3    | Identified the +7 broad axe of a treasure trove {freeze,
                  | rF+ SInv}
 36021 | Elf:3    | Reached ****** piety under Vehumet
 36213 | Elf:3    | Identified the +5 whip "Faothyew" {heavy, rElec}
 36324 | Elf:3    | Identified the scarf of Fortitude {rC+ rF+, Int+3}
 36341 | Elf:3    | Identified the +0 barding "Ydoewed" {Harm +Inv Int+5}
 36733 | Elf:3    | Offered knowledge of Lehudib's Crystal Spear by Vehumet.
 36733 | Elf:3    | Offered knowledge of Shatter by Vehumet.
 36733 | Elf:3    | Offered knowledge of Chain Lightning by Vehumet.
 36870 | Elf:3    | Found a runed translucent gate.
 36870 | Elf:3    | Found a runed translucent gate.
 36870 | Elf:3    | Found a runed translucent gate.
 36872 | Elf:3    | Noticed Quplyedo's ghost (adept GrGl)
 36873 | Elf:3    | Found a viscous altar of Jiyva.
 36909 | Elf:3    | Paralysed by an air elemental for 1 turns
 37130 | Elf:3    | Learned a level 9 spell: Chain Lightning
 37556 | Snake:1  | Entered Level 1 of the Snake Pit
 37829 | Snake:1  | Found Foizonki's Jewellery Shop.
 37968 | Snake:1  | Found a frozen archway.
 37970 | Snake:1  | Reached XP level 20. HP: 109/109 MP: 46/46
 37977 | IceCv    | Entered an ice cave
 39391 | Snake:2  | Found Zezez's Magic Scroll Shop.
 39393 | Snake:2  | Found Viwn's Book Shoppe.
 39395 | Snake:2  | Found Ycibun's Assorted Antiques.
 39402 | Snake:2  | Bought a scroll of fear for 48 gold pieces
 39402 | Snake:2  | Bought a scroll of revelation for 90 gold pieces
 39402 | Snake:2  | Bought a scroll of enchant armour for 90 gold pieces
 39439 | Snake:2  | Noticed Jorgrun
 39447 | Snake:2  | Killed Jorgrun
 40152 | Snake:2  | Noticed Aizul
 40158 | Snake:2  | Killed Aizul
 40606 | Snake:3  | Found Vog Jesch's Assorted Antiques.
 40845 | Snake:3  | Found Wyleck's Assorted Antiques.
 40871 | Snake:3  | Reached skill level 10 in Fighting
 40960 | Snake:3  | Found Cakipros's Armour Shop.
 40977 | Snake:3  | Noticed Roxanne
 41003 | Snake:3  | Reached skill level 1 in Shapeshifting
 41132 | Snake:3  | Found Liafock's Jewellery Shoppe.
 41342 | Snake:3  | Found Ohouzoqi's Book Shoppe.
 41350 | Snake:3  | Found Saretyrgh's Magic Scroll Shoppe.
 41354 | Snake:3  | Bought a scroll of teleportation for 48 gold pieces
 41354 | Snake:3  | Bought a scroll of revelation for 120 gold pieces
 41762 | Snake:4  | Entered Level 4 of the Snake Pit
 41768 | Snake:4  | Noticed Asterion
 41926 | Snake:3  | Killed Asterion
 42130 | Snake:4  | Reached skill level 5 in Shapeshifting
 42325 | Snake:4  | Noticed qborf's ghost (adept TrSh)
 42350 | Snake:4  | Found a runed translucent door.
 43518 | Snake:4  | Reached skill level 10 in Shapeshifting
 43941 | Snake:4  | Got a serpentine rune of Zot
 44176 | Swamp:1  | Entered Level 1 of the Swamp
 44183 | Swamp:1  | Reached XP level 21. HP: 122/122 MP: 46/47
 45616 | Swamp:2  | Found a runed translucent door.
 45619 | Swamp:2  | Found a shimmering altar of Xom.
 45619 | Swamp:2  | Noticed Ricegish's ghost (adept GnFi)
 45873 | Swamp:3  | Noticed Bai Suzhen
 45879 | Swamp:3  | Killed Bai Suzhen
 46487 | Swamp:4  | Entered Level 4 of the Swamp
 46744 | Swamp:4  | Reached skill level 15 in Shapeshifting
 46929 | Swamp:4  | Noticed Kirke
 46934 | Swamp:4  | Killed Kirke
 46978 | Swamp:4  | Identified the +0 leather armour of the Taurataur {Harm
                  | rCorr Int+2}
 47007 | Swamp:4  | Noticed the 27-headed Lernaean hydra
 47053 | Swamp:4  | Killed the 27-headed Lernaean hydra
 47073 | Swamp:4  | Got a decaying rune of Zot
 47246 | Lair:1   | Learned a level 5 spell: Irradiate
 47347 | Slime:1  | Entered Level 1 of the Pits of Slime
 47470 | Slime:2  | Gained mutation: Potions are less effective at restoring
                  | your health. [a shining eye]
 47502 | Slime:3  | Gained mutation: You are frail. (-10% HP) [a shining eye]
 47694 | Slime:5  | Entered Level 5 of the Pits of Slime
 47721 | Slime:5  | Reached XP level 22. HP: 110/115 MP: 48/48
 47727 | Slime:5  | Noticed the Royal Jelly
 47732 | Slime:5  | Killed the Royal Jelly
 47814 | Slime:5  | Identified the +4 kite shield of Xuyhuwit {Int+2}
 48052 | Slime:5  | Identified the +9 spear of Annihilation {heavy, Fly rC+}
 48056 | Slime:5  | Identified the +7 eveningstar "Tumishra" {speed, Int+2}
 48060 | Slime:5  | Identified the +2 pair of boots "Egiegumn" {rElec rC+
                  | Str+4}
 48072 | Slime:5  | Identified the ring of the Ban {rPois SInv}
 48154 | Slime:5  | Got a slimy rune of Zot
 48157 | Slime:5  | Identified the staff "Sig Xykk" {Fragile rPois rCorr Str+5
                  | Poison}
 48239 | Slime:5  | Identified the staff "Gamiwy" {rPois Str+3 Poison}
 48242 | Slime:5  | Identified the staff "Hacuvvish" {rPois Int+3 Earth}
 48245 | Slime:5  | Identified the +1 ring mail "Luep" {rF+ Dex+3}
 48842 | Vaults:1 | Entered Level 1 of the Vaults
 48843 | Vaults:1 | Lost mutation: Potions are less effective at restoring your
                  | health. [potion of mutation]
 48843 | Vaults:1 | Lost mutation: You are frail. (-10% HP) [potion of
                  | mutation]
 48843 | Vaults:1 | Gained mutation: You are resistant to electric shocks.
                  | (rElec) [potion of mutation]
 50325 | Vaults:2 | Found Lerorghuj's Distillery.
 50331 | Vaults:2 | Bought a potion of heal wounds for 75 gold pieces
 50331 | Vaults:2 | Bought a potion of haste for 150 gold pieces
 50331 | Vaults:2 | Bought a potion of haste for 150 gold pieces
 50331 | Vaults:2 | Bought a potion of brilliance for 60 gold pieces
 50331 | Vaults:2 | Bought a potion of invisibility for 120 gold pieces
 50331 | Vaults:2 | Bought 2 potions of mutation for 240 gold pieces
 50331 | Vaults:2 | Bought a potion of ambrosia for 120 gold pieces
 50337 | Vaults:2 | Found Haylef's Antique Weapon Boutique.
 50555 | Vaults:2 | Identified the +1 scale mail of Temperance {rPois rF+ rC++
                  | Int-3}
 51069 | Vaults:2 | Found a staircase to the Crypt.
 51129 | Vaults:2 | Found Vetred's Distillery.
 51135 | Vaults:2 | Bought a potion of heal wounds for 110 gold pieces
 51135 | Vaults:2 | Bought a potion of brilliance for 88 gold pieces
 51135 | Vaults:2 | Bought a potion of ambrosia for 176 gold pieces
 51326 | Vaults:3 | Reached XP level 23. HP: 102/132 MP: 49/49
 51574 | Vaults:3 | Noticed a caustic shrike
 51576 | Vaults:3 | a caustic shrike changed into an acid blob
 51650 | Vaults:3 | Found Daemuh's Armour Shoppe.
 51911 | Vaults:3 | Noticed Donald
 51912 | Vaults:3 | Killed Donald
 52078 | Vaults:3 | Found Decs's Assorted Antiques.
 53394 | Vaults:4 | Found the +27 heavy crossbow "Sniper" {heavy, Acc+∞ SInv}
 53954 | Vaults:5 | Entered Level 5 of the Vaults
 54358 | Vaults:5 | Identified the +0 broad axe "Lifebane" {freeze, rPois Str+8
                  | Int-4 Dex-2}
 54704 | Vaults:5 | Reached XP level 24. HP: 136/140 MP: 47/49
 54711 | Vaults:5 | Identified the +8 sling of Extinguishment {flame, rCorr}
 54940 | Vaults:5 | Found Domuuni's Distillery.
 54940 | Vaults:5 | Found Tide Seb's Distillery.
 54944 | Vaults:5 | Bought a potion of heal wounds for 95 gold pieces
 54944 | Vaults:5 | Bought a potion of haste for 190 gold pieces
 54944 | Vaults:5 | Bought a potion of haste for 190 gold pieces
 54944 | Vaults:5 | Bought a potion of brilliance for 76 gold pieces
 54950 | Vaults:5 | Found Reitung's Distillery.
 54951 | Vaults:5 | Bought a potion of haste for 170 gold pieces
 54951 | Vaults:5 | Bought a potion of mutation for 136 gold pieces
 54951 | Vaults:5 | Bought a potion of brilliance for 68 gold pieces
 54958 | Vaults:5 | Bought a potion of mutation for 192 gold pieces
 54958 | Vaults:5 | Bought a potion of haste for 240 gold pieces
 54958 | Vaults:5 | Bought a potion of brilliance for 96 gold pieces
 54965 | Vaults:5 | Found Tuyrac's Magic Scroll Shop.
 54969 | Vaults:5 | Bought a scroll of blinking for 157 gold pieces
 54969 | Vaults:5 | Bought a scroll of blinking for 157 gold pieces
 54975 | Vaults:5 | Found Xeuzicy's Magic Scroll Boutique.
 54984 | Vaults:5 | Bought a scroll of fear for 80 gold pieces
 55002 | Vaults:5 | Bought a scroll of revelation for 157 gold pieces
 55117 | Vaults:5 | Identified the +1 chain mail of Dramatic Exits {Rampage
                  | Int+3}
 55145 | Vaults:5 | Identified the +8 chain mail "Utig" {Will- Str+4 Int-5
                  | Dex+10}
 55256 | Vaults:5 | Identified the +3 morningstar "Qelelu" {heavy, +Blink rN+}
 55263 | Vaults:5 | Found Jaagh's Magic Scroll Boutique.
 55284 | Vaults:5 | Bought a scroll of teleportation for 66 gold pieces
 55494 | Vaults:5 | Identified the +1 trident of Miri {heavy, +Blink Int+2
                  | Dex+2}
 55726 | Vaults:5 | Noticed an ancient lich
 55730 | Vaults:5 | Killed an ancient lich
 55771 | Vaults:5 | Found Doxis's Distillery.
 55776 | Vaults:5 | Bought a potion of brilliance for 68 gold pieces
 55776 | Vaults:5 | Bought a potion of haste for 170 gold pieces
 55897 | Vaults:5 | Got a silver rune of Zot
 55958 | Vaults:5 | Identified the +4 ring mail of Polytheism {Regen+}
 56026 | Vaults:5 | Identified the +1 ring mail "Husmuv" {rPois rC+}
 56654 | Crypt:1  | Entered Level 1 of the Crypt
 56660 | Crypt:1  | Noticed Jory
 56665 | Vaults:2 | Killed Jory
 56759 | Crypt:1  | Reached skill level 15 in Air Magic
 56762 | Crypt:1  | Noticed Vv
 56798 | Crypt:1  | Noticed Frederick
 56808 | Crypt:1  | Killed Vv
 56813 | Crypt:1  | Killed Frederick
 57124 | Crypt:1  | Noticed Eroclych's ghost (adept GrFi)
 57282 | Crypt:1  | Found a transporter.
 57288 | Crypt:1  | Found a transporter.
 57415 | Crypt:1  | Killed Eroclych's ghost
 57452 | Crypt:1  | Identified the +2 hat "Poliwk" {Rampage rC+ Str+3 Stlth+}
 57460 | Crypt:1  | Identified the +5 plate armour "Wynikhla" {Slay+3}
 57644 | Crypt:2  | Reached XP level 25. HP: 147/147 MP: 41/49
 58105 | Crypt:2  | Found an ancient bone altar of Kikubaaqudgha.
 58539 | Crypt:3  | Entered Level 3 of the Crypt
 59292 | Crypt:3  | Found an ancient bone altar of Kikubaaqudgha.
 59296 | Crypt:3  | Found a basalt altar of Yredelemnul.
 59311 | Crypt:3  | Identified the +4 plate armour of Otaberij {rCorr}
 59329 | Crypt:3  | Identified the +1 battleaxe "Worm" {flame, Str+4}
 59601 | Crypt:3  | Found a staircase to the Tomb.
 60504 | Tomb:1   | Entered Level 1 of the Tomb of the Ancients
 60836 | Tomb:1   | Noticed a royal mummy
 60850 | Tomb:1   | Killed a royal mummy
 60855 | Tomb:1   | Noticed a royal mummy
 60860 | Tomb:1   | Noticed a royal mummy
 60861 | Tomb:1   | Killed a royal mummy
 60869 | Tomb:1   | Killed a royal mummy
 61235 | Tomb:2   | Noticed a royal mummy
 61235 | Tomb:2   | Noticed a royal mummy
 61391 | Tomb:3   | Identified the "Nuiz"
 61391 | Tomb:3   | Identified the "Wivati"
 61391 | Tomb:3   | Identified the of Dazosch
 61391 | Tomb:3   | Entered Level 3 of the Tomb of the Ancients
 61391 | Tomb:3   | Noticed Mennas
 61413 | Tomb:3   | Killed Mennas
 61418 | Tomb:3   | Reached XP level 26. HP: 131/152 MP: 49/49
 61421 | Tomb:3   | Noticed a royal mummy
 61424 | Tomb:3   | Noticed a royal mummy
 61425 | Tomb:3   | Killed a royal mummy
 61425 | Tomb:3   | Killed a royal mummy
 61437 | Tomb:3   | Noticed a royal mummy
 61440 | Tomb:3   | Noticed a royal mummy
 61443 | Tomb:3   | Killed a royal mummy
 61443 | Tomb:3   | Killed a royal mummy
 61495 | Tomb:3   | Found the +8 lance "Wyrmbane" {slay drac, rPois rF+ rC+
                  | AC+3}
 61543 | Tomb:3   | Identified the ring of Discord {MP+9 Int+6}
 61545 | Tomb:3   | Identified the ring of Avut {Ice Drain rPois rCorr Str+3}
 61551 | Tomb:3   | Identified the +5 great mace of Untimely Demise {freeze,
                  | Fly rCorr}
 61557 | Tomb:3   | Identified the amulet "Urasch" {RegenMP Will- Dex+2 Slay+3}
 61561 | Tomb:3   | Identified the +2 ring mail of Celapsim {rElec rCorr Int-2
                  | Dex+4}
 61629 | Tomb:3   | Identified the +9 plate armour "Eta Duwa" {*Slow rElec rN++
                  | Will+}
 61644 | Tomb:3   | Noticed Khufu
 61649 | Tomb:3   | Killed Khufu
 61676 | Tomb:3   | Noticed a royal mummy
 61680 | Tomb:3   | Killed a royal mummy
 61753 | Tomb:3   | Identified the +1 ring mail "Raah" {Will- rCorr Int+8
                  | Dex+3}
 62165 | Tomb:3   | Noticed a royal mummy
 62167 | Tomb:3   | Noticed a royal mummy
 62171 | Tomb:3   | Killed a royal mummy
 62171 | Tomb:3   | Killed a royal mummy
 62184 | Tomb:3   | Noticed a royal mummy
 62189 | Tomb:3   | Killed a royal mummy
 62220 | Tomb:3   | Got a golden rune of Zot
 62711 | Depths:1 | Entered Level 1 of the Depths
 62758 | Depths:1 | Found a transporter.
 62760 | Depths:1 | Found a stormy altar of Qazlal.
 62796 | Depths:1 | Noticed Afra's ghost (veteran FoHs)
 63002 | Depths:1 | Found a transporter.
 63242 | Depths:1 | Found an iron altar of Okawaru.
 63379 | Depths:1 | Found a gateway to Hell.
 63471 | Depths:1 | Killed Afra's ghost
 63559 | Depths:1 | Identified the staff "Poosm" {rN+ rCorr Str+3 Int-4 Dex+5
                  | Necro}
 63828 | Depths:2 | a shard shrike changed into a juggernaut
 63828 | Depths:2 | Noticed a juggernaut (glowing shapeshifter)
 63832 | Depths:2 | Reached skill level 1 in Earth Magic
 63927 | Depths:2 | Reached skill level 5 in Earth Magic
 64150 | Depths:2 | Identified the +0 chain mail "Erhu Eco" {rF++ rN+ Str-5}
 64199 | Depths:2 | Learned a level 9 spell: Shatter
 64205 | Depths:2 | Learned a level 1 spell: Apportation
 64301 | Depths:2 | Identified the amulet "Wumuifia" {Harm Fragile rC+ Regen+
                  | Str+4}
 64314 | Depths:2 | Reached XP level 27. HP: 144/157 MP: 49/52
 64386 | Depths:2 | Identified the ring of Ullank {rPois Int+2}
 64440 | Depths:2 | Found a one-way gate leading to the halls of Pandemonium.
 64716 | Depths:3 | Noticed a juggernaut
 64720 | Depths:3 | Killed a juggernaut
 64720 | Depths:3 | Noticed a juggernaut
 64725 | Depths:3 | Reached skill level 10 in Earth Magic
 64725 | Depths:3 | Killed a juggernaut
 64782 | Depths:3 | Identified the +2 leather armour of a Billion Allies {rElec
                  | rN+ MP-9}
 64994 | Depths:3 | Identified the staff of the Changing Gods {Fly rElec rF+
                  | rN+ Air}
 65008 | Depths:3 | Identified the orb of Free Expression {guile, rCorr Dex+4
                  | Stlth+}
 65090 | Depths:3 | Found a one-way gate to the infinite horrors of the Abyss.
 65102 | Depths:3 | Found a broken altar of Ashenzari.
 65735 | Depths:4 | Entered Level 4 of the Depths
 65766 | Depths:4 | Found a one-way gateway to a ziggurat.
 65923 | Depths:4 | Found a shadowy altar of Dithmenos.
 66131 | Depths:4 | Reached skill level 15 in Earth Magic
 66177 | Depths:4 | Found a gate to the Realm of Zot.
 66574 | Dis:7    | Identified the of Taweus
 66574 | Dis:7    | Identified the "Xyhijer"
 66574 | Dis:7    | Identified the "Oseegitus"
 66574 | Dis:7    | Identified the "Jeilir"
 66574 | Pan      | Identified the "Qugoyh Jusen"
 66574 | Pan      | Entered Pandemonium
 66792 | Pan      | Found an exit through the horrors of the Abyss.
 66829 | Pan      | Noticed Nahe the pandemonium lord
 66832 | Pan      | Killed Nahe the pandemonium lord
 67295 | Pan      | Identified the "Tethrimn"
 67477 | Pan      | Found an exit through the horrors of the Abyss.
 67863 | Pan      | Identified the ring "Kienyrch" {rF+ rC- rCorr Str+6}
 68044 | Pan      | Found a transporter.
 68123 | Pan      | Noticed Pigiliev the pandemonium lord
 68127 | Pan      | Killed Pigiliev the pandemonium lord
 68145 | Pan      | Noticed Xiqeig the pandemonium lord
 68147 | Pan      | Killed Xiqeig the pandemonium lord
 68192 | Pan      | Found an exit through the horrors of the Abyss.
 68211 | Pan      | Took an exit into the Abyss.
 68211 | Abyss:1  | Escaped into the Abyss
 68538 | Abyss:1  | Found a corrupted altar of Lugonu.
 68715 | Depths:2 | Escaped the Abyss
 68780 | Pan      | Identified the "Ucwilot"
 68780 | Pan      | Entered the realm of Cerebov.
 68780 | Pan      | Entered Pandemonium
 68791 | Pan      | Noticed Ignacio
 68794 | Pan      | Killed Ignacio
 69303 | Pan      | Identified the +1 eveningstar "Jenojiul" {elec, rPois
                  | Dex+5}
 69303 | Pan      | Identified the ring "Vaoripiv" {rCorr Str+6}
 69430 | Pan      | Found the +6 sword of Cerebov {flame}
 69430 | Pan      | Noticed Cerebov
 69832 | Pan      | Killed Cerebov
 69891 | Pan      | Identified the +0 broad axe of the Extremes {drain, Dex+3}
 69920 | Pan      | Identified the ring "Ybet" {Ice Will+}
 69945 | Pan      | Got a fiery rune of Zot
 70098 | Pan      | Identified the +1 helmet "Vedirih" {Harm Regen+}
 70208 | Pan      | Found an exit through the horrors of the Abyss.
 70536 | Pan      | Noticed Beamout the pandemonium lord
 70542 | Pan      | Killed Beamout the pandemonium lord
 70543 | Pan      | Reached skill level 1 in Ice Magic
 70583 | Pan      | Entered the realm of Mnoleg.
 70781 | Pan      | Paralysed by a floating eye for 2 turns
 70974 | Pan      | Noticed Mnoleg
 70981 | Pan      | Killed Mnoleg
 71241 | Pan      | Got a glowing rune of Zot
 71304 | Pan      | Entered the realm of Gloorx Vloq.
 71316 | Pan      | Found an exit through the horrors of the Abyss.
 71342 | Pan      | Identified the +0 pair of gloves of the Witching Gods {Harm
                  | Dex+2}
 72007 | Pan      | Noticed Gloorx Vloq
 72011 | Pan      | Killed Gloorx Vloq
 72019 | Pan      | Reached skill level 5 in Ice Magic
 72041 | Pan      | Got a dark rune of Zot
 72304 | Pan      | Noticed Egesemi the pandemonium lord
 72310 | Pan      | Killed Egesemi the pandemonium lord
 72456 | Depths:2 | Escaped Pandemonium
 72517 | Pan      | Entered the realm of Lom Lobon.
 72517 | Pan      | Entered Pandemonium
 72874 | Pan      | Noticed Lom Lobon
 72994 | Pan      | Killed Lom Lobon
 73140 | Pan      | Got a magical rune of Zot
 73299 | Pan      | Identified the "Ruwuriekh"
 73328 | Depths:2 | Escaped Pandemonium
 73453 | Pan      | Entered Pandemonium
 73686 | Pan      | Reached skill level 15 in Dodging
 73697 | Pan      | Found an exit through the horrors of the Abyss.
 74167 | Pan      | Noticed Wetz the pandemonium lord
 74171 | Pan      | Killed Wetz the pandemonium lord
 74632 | Pan      | Found an exit through the horrors of the Abyss.
 74694 | Pan      | Reached skill level 15 in Fighting
 74713 | Pan      | Noticed Lokam the pandemonium lord
 74878 | Pan      | Killed Lokam the pandemonium lord
 75907 | Pan      | Noticed Yzosch the pandemonium lord
 75911 | Pan      | Killed Yzosch the pandemonium lord
 76001 | Pan      | Got a demonic rune of Zot
 76203 | Pan      | Noticed Ucawoxke the pandemonium lord
 76205 | Pan      | Reached skill level 27 in Spellcasting
 76209 | Pan      | Killed Ucawoxke the pandemonium lord
 76271 | Pan      | Identified the +0 plate armour of Xushruj {rElec rPois
                  | Dex-2 Slay-2}
 76331 | Pan      | Reached skill level 10 in Ice Magic
 76488 | Pan      | Found a transporter.
 76545 | Pan      | Found an exit through the horrors of the Abyss.
 76557 | Pan      | Took an exit into the Abyss.
 76557 | Abyss:1  | Escaped into the Abyss
 76557 | Abyss:1  | Found a corrupted altar of Lugonu.
 76557 | Abyss:1  | Found a corrupted altar of Lugonu.
 76597 | Abyss:1  | Found a corrupted altar of Lugonu.
 76633 | Abyss:1  | Learned a level 9 spell: Polar Vortex
 76895 | Depths:2 | Escaped the Abyss
 76897 | Pan      | Entered Pandemonium
 77041 | Pan      | Identified the ring "Niofusm" {rC+++ rCorr Str-3 Dex+8}
 77043 | Pan      | Noticed Paahoa the pandemonium lord
 77047 | Pan      | Killed Paahoa the pandemonium lord
 77319 | Pan      | Identified the +8 hand axe of Cowardice {drain, rF+ Int+2}
 77744 | Pan      | Noticed a seraph
 77749 | Pan      | Killed a seraph
 77756 | Pan      | Found a glowing golden altar of the Shining One.
 77767 | Pan      | Identified the +2 short sword of Dikaap {antimagic, rC-
                  | Str+7 Dex+2}
 77775 | Pan      | Identified the +5 morningstar "Tamos" {heavy, rPois Dex+7
                  | Stlth-}
 77780 | Pan      | Identified the +1 orcbow "Nogut" {antimagic, *Slow rPois
                  | Str+2}
 77792 | Depths:2 | Escaped Pandemonium
 77954 | Depths:3 | Voluntarily entered the Abyss.
 78104 | Abyss:4  | Gained mutation: You are vulnerable to cold. (rC-) [a
                  | cacodemon]
 78109 | Depths:3 | Escaped the Abyss
 78110 | Depths:3 | Lost mutation: You are vulnerable to cold. (rC-) [potion of
                  | mutation]
 78110 | Depths:3 | Lost mutation: You are resistant to electric shocks.
                  | (rElec) [potion of mutation]
 78110 | Depths:3 | Gained mutation: Your body sometimes deteriorates upon
                  | taking damage. [potion of mutation]
 78111 | Depths:3 | Lost mutation: Your body sometimes deteriorates upon taking
                  | damage. [potion of mutation]
 78111 | Depths:3 | Gained mutation: You are resistant to electric shocks.
                  | (rElec) [potion of mutation]
 78111 | Depths:3 | Lost mutation: You are resistant to electric shocks.
                  | (rElec) [potion of mutation]
 78111 | Depths:3 | Gained mutation: You expend magic power (3 MP) to
                  | strengthen your wands. [potion of mutation]
 78127 | Depths:3 | Voluntarily entered the Abyss.
 78216 | Depths:3 | Escaped the Abyss
 78306 | Depths:3 | Voluntarily entered the Abyss.
 78515 | Depths:3 | Escaped the Abyss
 78683 | Depths:3 | Voluntarily entered the Abyss.
 78795 | Abyss:4  | Got an abyssal rune of Zot
 78975 | Depths:3 | Escaped the Abyss
 79063 | Hell     | Entered the Vestibule of Hell
 79063 | Hell     | Noticed Geryon
 79069 | Hell     | Killed Geryon
 79321 | Hell     | Found a gateway to the ashen valley of Gehenna.
 79386 | Hell     | Found a gateway to the freezing wastes of Cocytus.
 79396 | Coc:1    | Entered Level 1 of Cocytus
 80343 | Coc:5    | Paralysed by a wendigo for 1 turns
 80350 | Coc:6    | Reached skill level 15 in Ice Magic
 80357 | Coc:7    | Entered Level 7 of Cocytus
 80579 | Coc:7    | Identified the +3 long sword "Qechergh" {freeze, rN+ rCorr
                  | Str+4 Int-5}
 80587 | Coc:7    | Identified the +2 chain mail of the Iron City of Dis {rN+
                  | Regen+ Int-3}
 80590 | Coc:7    | Identified the +5 halberd "Giufe" {elec, rPois rF- Int+6}
 80811 | Coc:7    | Noticed Antaeus
 80818 | Coc:7    | Killed Antaeus
 80861 | Coc:7    | Got an icy rune of Zot
 80994 | Geh:1    | Entered Level 1 of Gehenna
 81003 | Geh:1    | You are sucked into a shaft and drop 1 floor!
 82164 | Geh:7    | Entered Level 7 of Gehenna
 82690 | Geh:7    | Identified the +8 scimitar of Azeurafi {speed, Str+3}
 82765 | Geh:7    | Found the +13 sceptre of Asmodeus
 82765 | Geh:7    | Noticed Asmodeus
 82769 | Geh:7    | Killed Asmodeus
 82811 | Geh:7    | Got an obsidian rune of Zot
 82896 | Hell     | Found a gateway to the Iron City of Dis.
 82901 | Dis:1    | Entered Level 1 of the Iron City of Dis
 82915 | Dis:1    | Reached skill level 10 in Evocations
 83636 | Dis:6    | Reached skill level 15 in Evocations
 84221 | Dis:5    | You are sucked into a shaft and drop 1 floor!
 84540 | Dis:7    | Entered Level 7 of the Iron City of Dis
 84636 | Zig:1    | Entered Level 1 of a ziggurat
 84881 | Zig:1    | Identified the scarf of Vefiysuu {harm, rF+ rN+ Int+3}
 85141 | Dis:7    | Noticed the Serpent of Hell
 85155 | Dis:7    | Noticed a juggernaut
 85222 | Dis:7    | Killed a juggernaut
 85235 | Dis:7    | Noticed a juggernaut
 85242 | Dis:7    | Killed a juggernaut
 85724 | Dis:7    | Killed the Serpent of Hell
 86404 | Dis:7    | Identified the ring "Wovel" {rN+ MP+9}
 86404 | Dis:7    | Noticed Dispater
 86407 | Dis:7    | Killed Dispater
 86454 | Dis:7    | Identified the +0 chain mail of the Boiling Point {Str+2}
 86459 | Dis:7    | Got an iron rune of Zot
 86599 | Hell     | Found a gateway to the decaying netherworld of Tartarus.
 86627 | Tar:1    | Entered Level 1 of Tartarus
 86807 | Tar:1    | You are sucked into a shaft and drop 1 floor!
 87996 | Tar:7    | Entered Level 7 of Tartarus
 88538 | Tar:7    | Noticed Ereshkigal
 88748 | Tar:7    | Killed Ereshkigal
 88761 | Tar:7    | Got a bone rune of Zot
 88995 | Zot:1    | Entered Level 1 of the Realm of Zot
 89146 | Zot:2    | Identified the ring of Jarinti {Ice *Corrode +Blink Will++
                  | Int+8}
 89146 | Zot:2    | Noticed Josephina
 89150 | Zot:2    | Killed Josephina
 89599 | Zot:4    | Reached skill level 27 in Fighting
 89684 | Zot:4    | Noticed an orb of fire
 89687 | Zot:4    | Killed an orb of fire
 89801 | Zot:5    | Entered Level 5 of the Realm of Zot
 89829 | Zot:5    | Identified the +10 shortbow of the Conjuring Wasp {drain,
                  | Str+5 Int-4}
 89882 | Zot:5    | Noticed an orb of fire
 89886 | Zot:5    | Killed an orb of fire
 89894 | Zot:5    | Noticed a dread lich
 89895 | Zot:5    | Noticed an orb of fire
 90024 | Zot:5    | Noticed an orb of fire
 90025 | Zot:5    | Noticed a dread lich
 90025 | Zot:5    | Noticed an orb of fire
 90026 | Zot:5    | Killed an orb of fire
 90027 | Zot:5    | Noticed an orb of fire
 90029 | Zot:5    | Killed a dread lich
 90031 | Zot:5    | Killed an orb of fire
 90033 | Zot:5    | Killed an orb of fire
 90033 | Zot:5    | Noticed an orb of fire
 90033 | Zot:5    | Noticed a dread lich
 90142 | Zot:5    | Noticed an orb of fire
 90142 | Zot:5    | Noticed an orb of fire
 90143 | Zot:5    | Killed a dread lich
 90146 | Zot:5    | Killed an orb of fire
 90147 | Zot:5    | Killed an orb of fire
 90149 | Zot:5    | Killed a dread lich
 90234 | Zot:5    | Killed an orb of fire
 90236 | Zot:5    | Killed an orb of fire
 90342 | Zot:5    | Noticed an orb of fire
 90345 | Zot:5    | Killed an orb of fire
 91019 | Zot:5    | Got the Orb of Zot
 91250 | D:14     | Noticed Fyblef the pandemonium lord
 91253 | D:14     | Killed Fyblef the pandemonium lord
 91564 | D:1      | gg
 91565 | D:$      | Escaped with the Orb!

Illustrated notes

.# #.#.#.##8.....8# .#
#.....###.....## .#
###.#...#.....# .#
#.#.###.....### .#
#...#.........# .###
#####.........## ## ...##
#...........# #. ##..#
####...........#### ##.
##.####8.......@.......8######.>
#...#####...........####.......
###.#####...........# #.......
#....###(........## #....(.)
####.###..8...8..# #####'..
#..####.....### #..'..
##...####.### #.##.. ###..###.#
#########.##..
##..##8###.........####


Turn 91564 on D:1: gg

Levels and vault maps discovered:
D:1:      psy_arrival_heroes, layout_basic
D:2:      layout_basic, minmay_close_crescents
D:3:      layout_basic, gammafunk_temple_overflow_arena, marbit_many_paths,
          lightli_corner_chamber
D:4:      layout_loops_cross, nicolae_overflow_hidden_temple, slow_altar_1,
          temple_statues, minmay_strange_pillars, uniq_menkaure
D:5:      layout_basic, fedhas_altar_3
D:6:      layout_loops_ring, nicolae_qazlal_eye_of_the_storm, elyvilon_altar_1,
          st_stairs_5, kennysheep_another_room, uniq_eustachio
D:7:      layout_basic, pdpol_temple_overflow_zin_treasury_gozag_greed,
          nicolae_alphabet_shops
D:8:      kennysheep_windowed_halls, layout_rooms, enter_bailey_4, minivault_27,
          uniq_joseph
D:9:      layout_cave_pools, orc_0_dummy
D:10:     layout_loops_ring, amcnicky_altar_gilded
D:11:     layout_gridville, erik_lair_orcish_takeover, uniq_gastronok
D:12:     layout_basic, hangedman_decor_slide_cut, lightli_wizard_tower
D:13:     gammafunk_indiana_jones, layout_basic, serial_aquarium,
          aquarium_bridge_straight [aquarium_subvault_bridge,
          aquarium_subvault_window, aquarium_subvault_bridge,
          aquarium_subvault_wall], aquarium_window_1, aquarium_window_corner,
          aquarium_view_4, aquarium_pool_side, minmay_misc_feat_diagonals,
          uniq_maurice, uniq_urug, uniq_frances
D:14:     layout_loops_corners, lightli_vaults_fourway_checkpoint,
          nicolae_hexahallways
D:15:     hangedman_depths_entry_civil_slaughter, layout_basic,
          doesnt_xom_only_xom
Temple:   hellmonk_temple_rainy
Lair:1:   layout_regular_city, grunt_megastairs_3, uniq_erica, uniq_maggie
Lair:2:   regret_index_wax_grids, layout_gridlike, swamp_mist,
          minmay_snake_entry_guardpost_small, serial_forest,
          infiniplex_forest_lined_1, infiniplex_forest_lined_room_3,
          infiniplex_forest_clump_double, infiniplex_forest_clump_diagonal,
          infiniplex_forest_straight_4, infiniplex_forest_corner_1
Lair:3:   layout_roguey, infiniplex_staircase_pool
Lair:4:   layout_regular_city, slime_entry_2, gammafunk_ghost_berserking_beasts
Lair:5:   minmay_lair_end_enchanted_forest, layout_cave_pods
Swamp:1:  cheibrodos_swamp_monstrosity, layout_basic_swamp,
          nicolae_swamp_feature_on_the_river_bank, swamp_pool5, st_swamp_ruins_4
Swamp:2:  layout_basic_swamp, ebering_ghost_xom, evilmike_swamp_ruin_house_5,
          swamp_pool5, hangedman_swamp_cone
Swamp:3:  layout_basic_swamp, serial_swamp_ruin, evilmike_swamp_ruin_house_6,
          evilmike_swamp_ruin_house_3, swamp_pool2, hangedman_swamp_lotus,
          grunt_lady_of_the_lake, uniq_bai_suzhen
Swamp:4:  grunt_swamp_rune_castle, layout_basic_swamp, swamp_pool5,
          hangedman_swamp_dais, uniq_kirke
Snake:1:  layout_chambers, portal_ice_cave_entry_ice_statue_one, serial_shops,
          shop, grunt_ministairs_2
Snake:2:  layout_chambers, nicolae_wooded_promenade, grunt_ministairs_9,
          nicolae_snake_round_shape_thing, grunt_megastairs_2, uniq_jorgrun,
          uniq_aizul
Snake:3:  layout_misc_corridors, serial_shops, shop,
          nicolae_shop_rolling_square, shop, shop,
          hangedman_snake_corridor_split, minmay_shop_star, lemuel_fruit_tree,
          uniq_roxanne
Snake:4:  snake_pit_salamanders_mu, layout_rooms,
          hellmonk_ghost_happy_afterlife, serial_bayou_shore_b, uniq_asterion
Slime:1:  layout_caves
Slime:2:  layout_caves, cheibrodos_slime_lost_civilization_5
Slime:3:  layout_caves, nicolae_slime_welcoming_committee
Slime:4:  layout_caves
Slime:5:  slime_pit_nicolae_inversion
Orc:1:    layout_diamond_mine
Orc:2:    st_orc_pillars, layout_caves
Elf:1:    eino_elf_arrival_altar, layout_onion_city,
          infiniplex_enter_wizlab_water, serial_shops, nicolae_shop_peninsula,
          hangedman_corner_corridor, amcnicky_mini_corridor_feature, laboratory
Elf:2:    elven_hall_of_blades_hangedman_original
          [nicolae_blade_entry_hurt_lockers], layout_loops_cross, basic_altar
Elf:3:    grunt_elf_hall_asides, layout_geoelf_diagonals, gammafunk_ghost_ooze,
          serial_glass, glass_columns_b, glass_columns_c, due_unseen_surprise,
          feat_on_display
Vaults:1: v_misc_3, vaults_mumra_hexcomb, nicolae_vaults_hallways_thing,
          nicolae_vaults_network_periphery, v_misc_2, v_misc_28,
          layout_vaults_omnigrid
Vaults:2: nicolae_vaults_tetromino_Z_2, nicolae_vaults_circle_grid_b,
          hangedman_vaults_pinch, grunt_vaults_funnel,
          nicolae_vaults_spaceships, nicolae_vaults_six-pack, v_misc_16,
          minmay_crypt_entry_simple_corners, nicolae_vaults_apartment_1,
          nicolae_vaults_heart-shaped_vault, v_pattern_1, vaults_mumra_lcd,
          nicolae_vaults_storage_room_glass, nicolae_vaults_minivaults,
          nicolae_vaults_trapezoid_lopsided_3, ontoclasm_vaults_fault,
          nicolae_vaults_double_plus_1, nicolae_vaults_tangram_1,
          layout_vaults_ring, serial_shops, shop,
          nicolae_shop_just_a_little_nook, shop
Vaults:3: nicolae_vaults_prndl, vaults_mumra_minichess,
          nicolae_vaults_wine_cellar, nicolae_vaults_rhombus_5,
          nicolae_vaults_offset_grid_hallway_2, nicolae_vaults_tangram_1,
          nicolae_vaults_network_square,
          vaults_standard_mumra_enter_the_diamond,
          nicolae_vaults_taking_the_gang_shopping, layout_vaults_omnicross,
          serial_shops, nicolae_shop_hallway_plus, uniq_donald
Vaults:4: nicolae_vaults_house_1, minmay_guarded_unrand_secular_launcher,
          nicolae_vaults_trapezoid_1, vaults_room_fancy_cross, v_pattern_5,
          nicolae_vaults_shelves_hall, ontoclasm_vaults_decontamination,
          nicolae_vaults_tetromino_L_2, vaults_room_semicircle,
          layout_vaults_chaotic_city
Vaults:5: serial_shops
Crypt:1:  layout_rooms, gammafunk_ghost_arena, uniq_vv, uniq_margery, uniq_jory,
          uniq_frederick
Crypt:2:  layout_misc_corridors, lemuel_mausoleum_altar_kikubaaqudgha
Crypt:3:  lightli_unholy_cathedral, layout_chaotic_city,
          nicolae_tomb_entry_unfolded_pyramid_orthogonal, corner_web_ring
Tomb:1
Tomb:2
Tomb:3:   uniq_mennas
Depths:1: layout_cave_shapes, hell_entry, gammafunk_ghost_arena, minivault_11,
          lemuel_statue_altar, hex_medium, nrook_mini_vaults,
          kennysheep_okawaru_gauntlet
Depths:2: radiant_caverns_b_rkd, serial_shops, hell_entry, pan_entry
Depths:3: minmay_the_grid_square_5x5_4x4_mashed
          [minmay_the_grid_square_5x5_spiral, minmay_the_grid_square_5x5_n,
          minmay_the_grid_square_5x5_checkered_statues,
          minmay_the_grid_square_5x5_misaligned,
          minmay_the_grid_square_5x5_detours,
          minmay_the_grid_square_5x5_prize_pseudospiral,
          minmay_the_grid_square_5x5_prize_rear_guard,
          minmay_the_grid_square_5x5_checkered, minmay_the_grid_square_5x5_meh,
          minmay_the_grid_square_5x5_prize_deathbox,
          minmay_the_grid_square_5x5_prize_waves,
          minmay_the_grid_square_5x5_intrusive_squares,
          minmay_the_grid_square_5x5_longway,
          minmay_the_grid_square_5x5_trominoes,
          minmay_the_grid_square_5x5_slash,
          minmay_the_grid_square_5x5_doubleslash], layout_honeycomb,
          pf_vacation_house_of_asmodeus, abyss_entry_crystal,
          nicolae_ashenzari_skybound, serial_glass, glass_columns_c,
          glass_columns_b, infiniplex_staircase_pool_2, serial_bayou_shore_b
Depths:4: grunt_zot_entry_bicorn, layout_cave_pools, enter_ziggurat_f,
          hell_entry, hangedman_decor_clover_reticule, grunt_dithmenos_smoke
Hell
Dis:1:    layout_gridville
Dis:2:    layout_gridville
Dis:3:    layout_subdivisions
Dis:4:    layout_regular_city
Dis:5:    layout_subdivisions
Dis:6:    layout_gridville, evilmike_ambush [evilmike_ambush_outer_basic,
          evilmike_ambush_inner_cross]
Dis:7:    dis_hangedman
Geh:1:    layout_gehenna_pools_triple, gehenna_fire_generator,
          hangedman_elemental_grid_stream
Geh:2:    layout_gehenna_pools_basic
Geh:3:    layout_gehenna_pools_basic
Geh:4:    layout_gehenna_pools_box, nicolae_geh_isolated_escape
Geh:5:    layout_gehenna_lava_caves
Geh:6:    layout_gehenna_pools_basic
Geh:7:    geh_grunt
Coc:1:    layout_cocytus_water_paths
Coc:2:    layout_cocytus_water_paths
Coc:3:    layout_ice_bergs
Coc:4:    layout_ice_bergs
Coc:5:    layout_ice_bergs
Coc:6:    layout_cocytus_water_paths
Coc:7:    coc_dpeg
Tar:1:    layout_grid_maze
Tar:2:    layout_cathedral_of_symmetry
Tar:3:    layout_grid_maze, nicolae_tar_cuneiform_heaven
Tar:4:    layout_catacombs
Tar:5:    layout_catacombs
Tar:6:    nicolae_tar_fifth_circle, layout_cathedral_of_symmetry,
          nicolae_tar_cuneiform_bread
Tar:7:    tar_mu [tar_mu_maze]
Zot:1:    layout_basic
Zot:2:    layout_cellular_growth, lemuel_elevator, uniq_josephina
Zot:3:    layout_concentric_octagons, st_small_dragon_hoard_2, bh_zot_ikea_curve
Zot:4:    lemuel_firehouse, layout_onion_interference, door_vault
Zot:5:    layout_basic

Skill      XL: |  1  2  3  4  5  6  7  8  9 10 11 12 13 14 15 16 17 18 19 20 21 22 23 24 25 26 27 |
---------------+----------------------------------------------------------------------------------+-----
Conjurations   | 2 3 4 5 6 8 12 13 14 15 19 20 21 23 | 23.0
Fire Magic     | 4 5 6 7 9 12 14 15 18 20 | 20.0
Spellcasting   | 4 5 6 7 13 14 15 16 18 19 20 23 27 | 27.0
Stealth        | 3 5 |  5.0
Air Magic      | 7 10 11 12 16 20 22 | 22.0
Fighting       | 1 3 6 10 11 12 27 | 27.0
Dodging        | 3 5 11 12 13 26 | 26.5
Evocations     | 5 15 | 15.0
Shapeshifting  | 10 16 21 23 | 23.0
Earth Magic    | 7 23 | 23.0
Ice Magic      | 22 | 22.0

Action                     |  1- 3 |  4- 6 |  7- 9 | 10-12 | 13-15 | 16-18 | 19-21 | 22-24 | 25-27 || total
---------------------------+-------+-------+-------+-------+-------+-------+-------+-------+-------++-------
  Melee: Unarmed           |     4 |       |       |       |       |       |       |       |       ||     4
         Mace              |       |     6 |    12 |    16 |    45 |       |       |       |       ||    79
         Punch             |       |       |       |       |     1 |       |       |       |       ||     1
         Staff             |       |       |       |       |     2 |    23 |     4 |     3 |   202 ||   234
  Throw: Throwing net      |       |       |       |       |       |       |       |     1 |       ||     1
   Cast: Foxfire           |    84 |   149 |   176 |    82 |     4 |       |     1 |       |       ||   496
         Scorch            |       |    23 |    45 |    21 |     8 |       |       |       |       ||    97
         Inner Flame       |       |       |     4 |       |       |       |       |       |       ||     4
         Flame Wave        |       |       |     6 |     1 |    11 |     6 |     1 |       |       ||    25
         Plasma Beam       |       |       |       |    30 |   439 |   196 |   580 |   547 |   546 ||  2338
         Orb of Destructio |       |       |       |       |     1 |    22 |    22 |     9 |     5 ||    59
         Fireball          |       |       |       |       |       |    17 |    17 |       |       ||    34
         Starburst         |       |       |       |       |       |    10 |    14 |       |     4 ||    28
         Ignition          |       |       |       |       |       |    15 |    72 |    53 |   177 ||   317
         Maxwell's Capacit |       |       |       |       |       |       |       |     1 |    52 ||    53
         Chain Lightning   |       |       |       |       |       |       |       |    10 |  1327 ||  1337
         Irradiate         |       |       |       |       |       |       |       |     1 |     2 ||     3
         Apportation       |       |       |       |       |       |       |       |       |     3 ||     3
         Shatter           |       |       |       |       |       |       |       |       |    97 ||    97
         Polar Vortex      |       |       |       |       |       |       |       |       |    18 ||    18
  Evoke: Wand              |       |       |       |       |     6 |     4 |     1 |       |    46 ||    57
         Lightning rod     |       |       |       |       |     2 |       |       |       |       ||     2
         Figurine of a zig |       |       |       |       |       |       |       |       |     1 ||     1
    Use: Scroll            |       |     6 |     7 |     3 |     9 |     5 |     4 |     5 |    48 ||    87
         Potion            |       |     4 |     4 |     6 |       |    14 |       |     9 |    17 ||    54
 Armour: Robe              |    18 |     6 |    34 |    22 |    54 |       |       |       |       ||   134
         Skin              |       |       |     4 |     8 |       |       |       |       |       ||    12
         Leather armour    |       |       |       |       |    40 |    61 |   115 |       |       ||   216
         Swamp dragon scal |       |       |       |       |       |       |     3 |       |       ||     3
         Acid dragon scale |       |       |       |       |       |       |     1 |     3 |       ||     4
         Troll leather arm |       |       |       |       |       |       |       |    98 |  1796 ||  1894
  Dodge: Dodged            |    19 |    10 |    27 |    26 |   193 |    81 |   135 |    95 |   877 ||  1463
   Form: Death             |       |       |       |       |       |       |       |     2 |     5 ||     7
                           |       |       |       |       |       |       |       |     1 |     6 ||     7

Table legend: (Time is in decaauts)
 A = Elapsed time spent in this place.
 B = Non-inter-level travel time spent in this place.
 C = Inter-level travel time spent in this place.
 D = Time resting spent in this place.
 E = Time spent auto-exploring this place.
 F = Levels seen in this place.
 G = Mean time per level.
                   A        B        C        D        E       F      G
               +--------+--------+--------+--------+--------+-----+--------+
         Total |  95930 |  89269 |   6661 |  31970 |  35758 | 127 |  755.4 |
       Dungeon |  21154 |  19126 |   2028 |   6225 |  10393 |  15 | 1410.3 |
        Temple |     12 |      2 |     10 |      0 |      0 |   1 |   12.0 |
          Lair |   9308 |   8120 |   1188 |   3478 |   3341 |   5 | 1861.6 |
         Swamp |   3221 |   3093 |    128 |    846 |   1752 |   4 |  805.2 |
     Snake Pit |   6454 |   6226 |    228 |   1953 |   3375 |   4 | 1613.5 |
    Slime Pits |   1537 |   1283 |    254 |    447 |    432 |   5 |  307.4 |
  Orcish Mines |   2691 |   2507 |    184 |   1109 |    946 |   2 | 1345.5 |
   Elven Halls |   5894 |   5646 |    248 |   2460 |   2070 |   3 | 1964.7 |
        Vaults |   8532 |   7753 |    779 |   1839 |   4281 |   5 | 1706.4 |
         Crypt |   3156 |   2794 |    362 |    579 |   1652 |   3 | 1052.0 |
          Tomb |   2121 |   1858 |    263 |    351 |    859 |   3 |  707.0 |
        Depths |   5301 |   4808 |    493 |   1549 |   2275 |   4 | 1325.2 |
          Hell |    771 |    676 |     95 |    396 |     61 |   1 |  771.0 |
           Dis |   3310 |   3107 |    203 |   1647 |    589 |   7 |  472.9 |
       Gehenna |   1784 |   1750 |     34 |    816 |    213 |   7 |  254.9 |
       Cocytus |   1576 |   1559 |     17 |    762 |    237 |   7 |  225.1 |
      Tartarus |   2372 |   2302 |     70 |   1023 |    471 |   7 |  338.9 |
           Zot |   2145 |   2075 |     70 |    944 |    444 |   5 |  429.0 |
         Abyss |   1690 |   1690 |      0 |    364 |    163 |   9 |  187.8 |
   Pandemonium |  10617 |  10617 |      0 |   4003 |   1896 |  26 |  408.3 |
      Ziggurat |    257 |    257 |      0 |    242 |      0 |   1 |  257.0 |
        Bailey |   1079 |   1079 |      0 |    550 |    119 |   1 | 1079.0 |
      Ice Cave |    556 |    556 |      0 |    255 |     64 |   1 |  556.0 |
        Wizlab |    380 |    380 |      0 |    125 |    115 |   1 |  380.0 |
               +--------+--------+--------+--------+--------+-----+--------+

Top non-repeatable levels by time:
   Elf:3: 2593 daAuts
  Lair:5: 2447 daAuts
Vaults:5: 2313 daAuts
   Elf:1: 2270 daAuts
  Lair:2: 2117 daAuts
  Lair:4: 1993 daAuts
     D:6: 1972 daAuts
 Snake:4: 1904 daAuts
  Lair:1: 1889 daAuts
Depths:3: 1847 daAuts
Vaults:2: 1806 daAuts
   Dis:7: 1801 daAuts
    D:14: 1758 daAuts
   Orc:2: 1747 daAuts
Vaults:1: 1695 daAuts
